 Dungeon Crawl Stone Soup version 0.21-a0-314-gb3271ec (webtiles) character file.

31717 tidbits the Basher (level 13, 85/103 HPs)
             Began as a Gnoll Wanderer on Sept 29, 2017.
             Was an Elder of Ashenzari.
             Quit the game on level 14 of the Dungeon.
             The game lasted 01:09:36 (9048 turns).

tidbits the Basher (Gnoll Wanderer)                 Turns: 9048, Time: 01:09:36

Health: 85/103     AC:  9    Str: 16    XL:     13   Next: 59%
Magic:  3/22       EV: 16    Int: 20    God:    Ashenzari [****..]
Gold:   1539       SH:  0    Dex: 13    Spells: 24/29 levels left

rFire    . . .     SeeInvis +   o - +3 whip (vamp) (curse)
rCold    . . .     Gourm    .   (no shield)
rNeg     . . .     Faith    .   B - +4 troll leather armour (curse)
rPois    .         Spirit   +   (no helmet)
rElec    .         Reflect  .   C - scarf {repulsion} (curse)
rCorr    .         Harm     .   (no gloves)
MR       +....     Clarity  +   (no boots)
Stlth    ++++......             u - amulet of guardian spirit (curse)
HPRegen  0.67/turn              D - ring of flight (curse)
MPRegen  0.18/turn              i - ring of protection from magic

@: repel missiles
A: distributed training, fangs 2, berserk 1, low mp 1, strong nose
a: Curse Item, Scrying, Renounce Religion, Evoke Flight


You were on level 14 of the Dungeon.
You worshipped Ashenzari.
Ashenzari was greatly pleased with you.
You were very hungry.

You visited 2 branches of the dungeon, and saw 15 of its levels.
You also visited: Ossuary and Ice Cave.

You collected 1539 gold pieces.

Inventory:

Hand Weapons
 n - a +0 blowgun
 o - a cursed +3 vampiric whip (weapon)
   (You took it off a kobold on level 2 of the Dungeon)
 x - a +0 morningstar
 F - the cursed +13 scythe of Curses {drain, *Curse}
   (You found it on level 13 of the Dungeon)

   A truly terrible weapon, it drains the life of those it strikes.
   It curses itself when equipped.
   It has a curse placed upon it.
 S - the +8 hand crossbow of the Crushed Friends {velocity, rN+ Str+5}
   (You found it on level 9 of the Dungeon)

   Any bolt fired from it inflicts extra damage.
   It affects your strength (+5).
   It protects you from negative energy.
Missiles
 b - 7 throwing nets (quivered) {!f}
 p - 7 curare-tipped needles
 w - 150 arrows
Armour
 c - +0 ice dragon scales
 B - a cursed +4 troll leather armour (worn)
 C - a cursed scarf of repulsion (worn)
   (You found it on level 9 of the Dungeon)
 Q - a +1 cloak
Jewellery
 e - an uncursed ring of fire
   (You found it in an ice cave)
 i - a ring of protection from magic (right hand)
   (You found it on level 12 of the Dungeon)
 q - an uncursed ring of stealth
   (You found it in an ice cave)
 u - a cursed amulet of guardian spirit (around neck)
   (You found it on level 3 of the Dungeon)
 A - an uncursed ring of poison resistance
   (You took it off a centaur on level 12 of the Dungeon)
 D - a cursed ring of flight (left hand)
   (You found it on level 3 of the Dungeon)
 K - a +3 ring of protection
   (You took it off a kobold on level 10 of the Dungeon)
 X - an uncursed ring of protection from magic
   (You found it on level 9 of the Dungeon)
Wands
 t - a wand of polymorph (3/24)
 y - a wand of clouds (0/9)
 I - a wand of confusion (0/48)
 J - a wand of paralysis (2/24)
 N - a wand of digging (3/24)
 T - a wand of enslavement (6/24)
 Y - a wand of lightning (7/15)
 Z - a wand of confusion (0/48)
Scrolls
 a - 2 scrolls of remove curse
 d - a scroll of vulnerability {unknown}
 g - 4 scrolls of teleportation
 h - 3 scrolls of magic mapping
 r - 2 scrolls of amnesia
 s - 3 scrolls of immolation
 H - a scroll of fog {unknown}
 M - a scroll of summoning {unknown}
 O - 3 scrolls of fear
 U - a scroll of enchant armour
Potions
 j - 7 potions of curing
 k - a potion of flight
 l - 2 potions of might
 m - 3 potions of heal wounds
 v - 5 potions of haste
 z - 2 potions of brilliance {unknown}
 R - a potion of ambrosia {unknown}
Books
 V - a book of Clouds
   (You found it on level 12 of the Dungeon)

   Spells                             Type                      Level
   a - Poisonous Vapours              Poison/Air                   2
   b - Mephitic Cloud                 Conjuration/Poison/Air       3
   c - Conjure Flame                  Conjuration/Fire             3
   d - Freezing Cloud                 Conjuration/Ice/Air          6
   e - Ring of Flames                 Charms/Fire                  7
 W - a book of Air
   (You found it on level 12 of the Dungeon)

   Spells                             Type                      Level
   a - Shock                          Conjuration/Air              1
   b - Swiftness                      Charms/Air                   2
   c - Static Discharge               Conjuration/Air              3
   d - Airstrike                      Air                          4
   e - Lightning Bolt                 Conjuration/Air              5
Miscellaneous
 P - a lamp of fire (inert)
Comestibles
 f - 6 bread rations
 E - 8 meat rations
 G - 7 royal jellies
 L - 5 chunks of flesh


   Skills:
 + Level 10.1 Fighting
 + Level 7.4 Short Blades
 + Level 8.2 Long Blades
 + Level 8.2 Axes
 + Level 12.0(15.1) Maces & Flails
 + Level 7.3 Polearms
 + Level 8.1 Staves
 + Level 7.7 Slings
 + Level 7.3 Bows
 + Level 7.3 Crossbows
 + Level 7.6 Throwing
 + Level 7.5 Armour
 + Level 8.3 Dodging
 + Level 8.8 Stealth
   Level 0.0 Stabbing
 + Level 8.1 Shields
   Level 0.0 Traps
 + Level 7.6 Unarmed Combat
 + Level 8.5 Spellcasting
 + Level 7.7(10.0) Conjurations
 + Level 8.4(10.7) Hexes
 + Level 8.4(10.7) Charms
 + Level 7.3(9.6) Summonings
 + Level 7.2(9.5) Necromancy
 + Level 8.8(11.0) Translocations
 + Level 8.4(10.7) Transmutations
 + Level 8.8(11.0) Fire Magic
 + Level 8.0(10.3) Ice Magic
 + Level 8.1(10.4) Air Magic
 + Level 7.8(10.1) Earth Magic
 + Level 8.4(10.7) Poison Magic
 + Level 9.0 Invocations
 + Level 8.8(11.0) Evocations


You had 24 spell levels left.
You knew the following spells:

 Your Spells              Type           Power        Failure   Level  Hunger
a - Lightning Bolt        Conj/Air       #####.....   3%          5    #####..


Dungeon Overview and Level Annotations

Branches:
Dungeon (14/15)            Temple (1/1) D:5            Lair (0/6) D:11
    Orc (0/2) D:9
 Vaults: D:13-14

Altars:
Ashenzari
Cheibriados
Dithmenos
Elyvilon
Fedhas
Nemelex Xobeh
Okawaru
Qazlal
Ru
Sif Muna
Trog
Uskayaw
Vehumet
Xom
Yredelemnul
The Shining One

Annotations:
D:5 exclusion: orc priest


Innate Abilities, Weirdness & Mutations

Your experience applies equally to all skills.
You have extremely sharp teeth.
Your uncanny sense of smell can sniff out nearby items.
You tend to lose your temper in combat.
Your magical capacity is low. (-10% MP)


Message History

You hit the red ugly thing. Your bite misses the red ugly thing.
The red ugly thing is lightly wounded.
The red ugly thing closely misses you.
Casting: Lightning Bolt
Confirm with . or Enter, or press ? or * to list all spells.
Aiming: Lightning Bolt
Press: ? - help, Shift-Dir - straight line
Okay, then.
Casting: Lightning Bolt
Confirm with . or Enter, or press ? or * to list all spells.
Aiming: Lightning Bolt
Press: ? - help, Shift-Dir - straight line, f - red ugly thing
Aim: a red ugly thing (lightly wounded)
Okay, then.
You whack the red ugly thing! Your bite misses the red ugly thing.
The red ugly thing is lightly wounded.
You barely miss the red ugly thing.
You bite the red ugly thing, but do no damage.
The red ugly thing is lightly wounded.
The red ugly thing kicks you but does no damage.
Casting: Lightning Bolt
Confirm with . or Enter, or press ? or * to list all spells.
Aiming: Lightning Bolt
Press: ? - help, Shift-Dir - straight line You hear a mighty clap of thunder!
The bolt of lightning misses the red ugly thing.
The bolt of lightning hits the brown ugly thing.
The brown ugly thing is severely wounded.
The bolt of lightning misses the brown ugly thing.
You hear a horrible gurgling sound!
You hear a shout! x5
The red ugly thing basks in the mutagenic energy from its kin and changes!
Casting: Lightning Bolt
Confirm with . or Enter, or press ? or * to list all spells.
Aiming: Lightning Bolt
Press: ? - help, Shift-Dir - straight line You hear a mighty clap of thunder!
The bolt of lightning misses the brown ugly thing.
The bolt of lightning hits the brown ugly thing.
The brown ugly thing is almost dead.
The bolt of lightning hits the brown ugly thing.
You kill the brown ugly thing!
You are feeling hungry.
Unknown command.
Casting: Lightning Bolt
Confirm with . or Enter, or press ? or * to list all spells.
Aiming: Lightning Bolt
Press: ? - help, Shift-Dir - straight line You hear a mighty clap of thunder!
The bolt of lightning misses the brown ugly thing. x2
The bolt of lightning hits the brown ugly thing.
The brown ugly thing is heavily wounded.
You hear a horrible gurgling sound!
The brown ugly thing basks in the mutagenic energy from its kin and changes!
You open the door.
The brown ugly thing gores you but does no damage.
A purple ugly thing comes into view.
There is an open door here.
The brown ugly thing basks in the mutagenic energy from its kin and changes!
The human unwields an uncursed short sword.
The human wields a glowing arbalest.
The human shoots a bolt.
The bolt is repelled.
You see here a bolt.
The purple ugly thing basks in the mutagenic energy from its kin and changes!
The cyan ugly thing basks in the mutagenic energy from its kin and changes!
The red ugly thing basks in the mutagenic energy from its kin and changes!
The purple ugly thing engulfs you!
The purple ugly thing basks in the mutagenic energy from its kin and changes!
The purple ugly thing gurgles horribly!
You hit the purple ugly thing.
The purple ugly thing is lightly wounded.
You closely miss the purple ugly thing.
The purple ugly thing is lightly wounded.
The purple ugly thing engulfs you!
You hit the purple ugly thing. Your bite misses the purple ugly thing.
The purple ugly thing is lightly wounded.
You closely miss the purple ugly thing.
You bite the purple ugly thing, but do no damage.
The purple ugly thing is lightly wounded.
The purple ugly thing engulfs you.
The purple ugly thing basks in the mutagenic energy from its kin and changes!
Casting: Lightning Bolt
Confirm with . or Enter, or press ? or * to list all spells.
Aiming: Lightning Bolt
Press: ? - help, Shift-Dir - straight line You hear a mighty clap of thunder!
The bolt of lightning hits the purple ugly thing.
The purple ugly thing is lightly wounded.
The bolt of lightning misses the cyan ugly thing.
The bolt of lightning hits the cyan ugly thing.
The cyan ugly thing resists.
The cyan ugly thing is lightly wounded.
You are feeling very hungry.
You hear a shout!
The purple ugly thing barely misses you.
Unknown command.
Casting: Lightning Bolt
Confirm with . or Enter, or press ? or * to list all spells.
Okay, then.
Okay, then.
Are you sure you want to abandon this character and quit the game? (Confirm with "yes".)

*
#####...##..###†##.#######
*
#.#####'##..###.##.#......
+............#.....#......
,
#............#....G#......
*
#..###'#############......
*
*#.,#......................
, #...................... *
, ,,#......................
, ,,
+.^...@................ ,
#.....u.............†.. ,
#.....u................ ,
#...u.u................ *
*#.....################# ,
>#....u#......'...# * ,,
#.....#.u.u..#...# , ,
#.....#.u....#...#
***##.....#'##'####{####


You could see 5 ugly things.

Vanquished Creatures
  Rupert (D:13)
  Kirke (D:13)
  2 ice dragons (IceCv)
  4 two-headed ogres
  An ogre mage (D:12)
  The ghost of tilp the Arsonist, a novice HOFE of Okawaru (D:7)
  Pikel (D:6)
  9 wizards
  An orc sorcerer (D:12)
  A deep elf mage (D:12)
  2 cyclopes
  2 ugly things
  Maurice (D:11)
  2 ice statues (IceCv)
  2 rime drakes (IceCv)
  The ghost of CcS the Destroyer, a novice GnCj (D:5)
  2 gargoyles
  4 trolls
  A merfolk (D:9)
  2 hornets
  2 slime creatures (D:12)
  3 hippogriffs
  A wraith (D:12)
  A wyvern (D:11)
  14 yaks
  2 hungry ghosts (D:12)
  4 hogs (D:13)
  2 vampire mosquitoes (D:14)
  2 acid dragons
  15 ice beasts
  4 black bears
  7 orc warriors
  An eye of draining (D:14)
  3 slaves (D:6)
  3 ogres
  3 sky beasts
  A necrophage (D:8)
  8 centaurs
  A crocodile (D:10)
  8 bullfrogs
  A big kobold (D:10)
  A wyvern zombie (D:10)
  5 scorpions
  4 killer bees (D:11)
  19 wights
  2 howler monkeys (D:5)
  2 crimson imps
  A bullfrog zombie (D:7)
  3 centaur zombies
  2 bullfrog skeletons
  2 jellies
  4 orc priests (D:9)
  3 centaur skeletons
  8 hounds
  15 orc wizards
  2 human zombies (Ossuary)
  An iguana (D:11)
  4 worker ants
  A big kobold zombie (Ossuary)
  A hound zombie (D:7)
  2 hound skeletons
  2 mummies (Ossuary)
  2 worker ant zombies
  13 adders
  16 gnolls
  2 shadow imps
  An ooze (D:3)
  2 adder zombies
  3 adder skeletons
  A worm (D:2)
  38 orcs
  5 bats
  5 giant cockroaches
  2 goblins
  5 hobgoblins
  2 quokkas
  6 frilled lizards
  2 goblin zombies (Ossuary)
  12 hobgoblin zombies (Ossuary)
  2 jackal zombies (Ossuary)
  15 kobolds
  10 kobold zombies (Ossuary)
  6 orc zombies (Ossuary)
  6 rats
367 creatures vanquished.

Vanquished Creatures (collateral kills)
  A wight (D:10)
1 creature vanquished.

Vanquished Creatures (others)
  A quasit (D:12)
1 creature vanquished.

Grand Total: 369 creatures vanquished

Notes
Turn   | Place    | Note
-------+----------+-------------------------------------------
     0 | D:1      | tidbits the Gnoll Wanderer began the quest for the Orb.
     0 | D:1      | tidbits set off with: a +0 leather armour, 4 throwing nets {!f}, a +0 ring mail, a +0 mace, a bread ration
     0 | D:1      | Reached XP level 1. HP: 20/20 MP: 2/2
    96 | D:1      | Reached skill level 1 in Stealth
   113 | D:1      | Reached XP level 2. HP: 20/26 MP: 3/3
   177 | D:1      | Reached skill level 1 in Fire Magic
   274 | D:2      | Reached skill level 1 in Conjurations
   274 | D:2      | Reached XP level 3. HP: 27/31 MP: 4/4
   304 | D:2      | Reached skill level 1 in Air Magic
   432 | D:2      | Reached skill level 1 in Spellcasting
   486 | D:2      | Reached skill level 3 in Shields
   486 | D:2      | Reached skill level 1 in Poison Magic
   494 | D:2      | Reached skill level 2 in Spellcasting
   494 | D:2      | Reached XP level 4. HP: 30/38 MP: 5/7
   499 | D:2      | Reached skill level 1 in Short Blades
   499 | D:2      | Reached skill level 1 in Ice Magic
   509 | D:2      | Reached skill level 1 in Bows
   526 | D:2      | Reached skill level 1 in Crossbows
   592 | D:2      | Reached skill level 2 in Fire Magic
   592 | D:2      | Reached skill level 2 in Air Magic
   805 | D:3      | Reached skill level 1 in Invocations
   854 | D:4      | Reached skill level 2 in Poison Magic
   854 | D:4      | Reached XP level 5. HP: 36/43 MP: 6/8
   907 | D:4      | Reached skill level 9 in Maces & Flails
   907 | D:4      | Reached skill level 1 in Slings
   907 | D:4      | Reached skill level 1 in Throwing
   907 | D:4      | Reached skill level 1 in Charms
   907 | D:4      | Reached skill level 1 in Translocations
   949 | D:4      | Found a sand-covered staircase.
   972 | Ossuary  | Entered an ossuary
   989 | Ossuary  | Reached skill level 1 in Earth Magic
  1109 | Ossuary  | Reached skill level 2 in Conjurations
  1109 | Ossuary  | Reached skill level 2 in Ice Magic
  1117 | Ossuary  | Reached skill level 5 in Fighting
  1117 | Ossuary  | Reached skill level 2 in Bows
  1117 | Ossuary  | Reached skill level 2 in Invocations
  1117 | Ossuary  | Reached XP level 6. HP: 30/51 MP: 5/9
  1142 | Ossuary  | Reached skill level 1 in Transmutations
  1142 | Ossuary  | Reached skill level 3 in Evocations
  1224 | Ossuary  | Reached skill level 1 in Long Blades
  1313 | D:4      | Reached skill level 1 in Polearms
  1328 | D:5      | Entered Level 5 of the Dungeon
  1364 | D:5      | Reached skill level 2 in Translocations
  1364 | D:5      | Reached skill level 3 in Fire Magic
  1364 | D:5      | Reached skill level 3 in Poison Magic
  1389 | D:5      | Reached skill level 2 in Short Blades
  1389 | D:5      | Reached skill level 1 in Staves
  1389 | D:5      | Reached skill level 2 in Transmutations
  1467 | D:5      | Reached skill level 3 in Spellcasting
  1467 | D:5      | Reached skill level 1 in Hexes
  1467 | D:5      | Reached skill level 3 in Ice Magic
  1472 | D:5      | Reached XP level 7. HP: 37/56 MP: 7/11
  1512 | D:5      | Reached skill level 1 in Axes
  1512 | D:5      | Reached skill level 1 in Necromancy
  1533 | D:5      | Reached skill level 2 in Crossbows
  1548 | D:5      | Reached skill level 2 in Axes
  1548 | D:5      | Reached skill level 1 in Armour
  1572 | D:5      | Reached skill level 3 in Conjurations
  1581 | D:5      | Reached skill level 2 in Charms
  1581 | D:5      | Reached skill level 2 in Earth Magic
  1607 | D:5      | Noticed CcS's ghost (novice GnCj)
  1675 | D:5      | Found a staircase to the Ecumenical Temple.
  1682 | Temple   | Entered the Ecumenical Temple
  1774 | Temple   | Became a worshipper of Ashenzari the Shackled
  1842 | D:5      | Reached skill level 2 in Slings
  1863 | D:5      | Killed CcS's ghost
  1863 | D:5      | Reached skill level 3 in Short Blades
  1863 | D:5      | Reached skill level 2 in Long Blades
  1863 | D:5      | Reached skill level 2 in Staves
  1863 | D:5      | Reached skill level 2 in Throwing
  1863 | D:5      | Reached skill level 2 in Armour
  1863 | D:5      | Reached skill level 3 in Dodging
  1863 | D:5      | Reached skill level 2 in Stealth
  1863 | D:5      | Reached skill level 4 in Shields
  1863 | D:5      | Reached skill level 3 in Unarmed Combat
  1863 | D:5      | Reached skill level 2 in Hexes
  1863 | D:5      | Reached skill level 1 in Summonings
  1863 | D:5      | Reached skill level 3 in Transmutations
  1863 | D:5      | Reached skill level 4 in Fire Magic
  1863 | D:5      | Reached skill level 3 in Air Magic
  1863 | D:5      | Reached XP level 8. HP: 51/63 MP: 10/13
  1903 | D:5      | Reached skill level 2 in Polearms
  1983 | D:4      | Reached skill level 3 in Axes
  1983 | D:4      | Reached skill level 3 in Translocations
  2090 | D:4      | Reached skill level 3 in Bows
  2090 | D:4      | Reached skill level 3 in Stealth
  2090 | D:4      | Reached skill level 4 in Evocations
  2115 | D:4      | Reached skill level 4 in Spellcasting
  2115 | D:4      | Reached skill level 3 in Hexes
  2115 | D:4      | Reached skill level 3 in Charms
  2477 | D:6      | Reached skill level 4 in Ice Magic
  2477 | D:6      | Reached skill level 3 in Earth Magic
  2477 | D:6      | Reached skill level 4 in Poison Magic
  2503 | D:6      | Reached skill level 3 in Slings
  2504 | D:6      | Reached skill level 2 in Summonings
  2543 | D:6      | Reached skill level 3 in Staves
  2543 | D:6      | Reached skill level 4 in Unarmed Combat
  2582 | D:6      | Noticed Pikel
  2679 | D:6      | Killed Pikel
  2679 | D:6      | Reached skill level 6 in Fighting
  2679 | D:6      | Reached skill level 3 in Long Blades
  2679 | D:6      | Reached skill level 4 in Axes
  2679 | D:6      | Reached skill level 3 in Polearms
  2679 | D:6      | Reached skill level 3 in Crossbows
  2679 | D:6      | Reached skill level 3 in Throwing
  2679 | D:6      | Reached skill level 3 in Armour
  2679 | D:6      | Reached skill level 4 in Dodging
  2679 | D:6      | Reached skill level 5 in Shields
  2679 | D:6      | Reached skill level 4 in Conjurations
  2679 | D:6      | Reached skill level 2 in Necromancy
  2679 | D:6      | Reached skill level 4 in Transmutations
  2679 | D:6      | Reached skill level 3 in Invocations
  2679 | D:6      | Reached XP level 9. HP: 26/69 MP: 5/16
  2726 | D:7      | Reached * piety under Ashenzari
  2896 | D:7      | Noticed tilp's ghost (novice HOFE)
  2923 | D:7      | Reached skill level 4 in Short Blades
  2923 | D:7      | Reached skill level 4 in Slings
  2927 | D:7      | Killed tilp's ghost
  2927 | D:7      | Reached skill level 4 in Staves
  2927 | D:7      | Reached skill level 4 in Bows
  2927 | D:7      | Reached skill level 4 in Stealth
  2927 | D:7      | Reached skill level 5 in Spellcasting
  2927 | D:7      | Reached skill level 4 in Translocations
  2927 | D:7      | Reached skill level 5 in Transmutations
  2927 | D:7      | Reached skill level 5 in Fire Magic
  2927 | D:7      | Reached skill level 4 in Air Magic
  2927 | D:7      | Reached skill level 4 in Earth Magic
  2927 | D:7      | Reached skill level 5 in Poison Magic
  2927 | D:7      | Reached skill level 4 in Invocations
  2927 | D:7      | Reached skill level 5 in Evocations
  3003 | D:7      | Reached skill level 4 in Hexes
  3003 | D:7      | Reached skill level 3 in Necromancy
  3017 | D:7      | Reached skill level 4 in Long Blades
  3017 | D:7      | Reached skill level 10 in Maces & Flails
  3017 | D:7      | Reached skill level 4 in Throwing
  3167 | D:8      | Reached skill level 4 in Crossbows
  3167 | D:8      | Reached skill level 4 in Armour
  3173 | D:8      | Reached skill level 4 in Charms
  3191 | D:8      | Reached skill level 5 in Short Blades
  3333 | D:8      | Identified the +1 hunting sling of Miz Ufib {venom, rC+ Dex+3}
  3434 | D:8      | Noticed a hornet
  3440 | D:8      | Reached skill level 3 in Summonings
  3441 | D:8      | Killed a hornet
  3441 | D:8      | Reached skill level 5 in Unarmed Combat
  3441 | D:8      | Reached XP level 10. HP: 77/77 MP: 17/17
  3478 | D:8      | Reached skill level 4 in Necromancy
  3627 | D:8      | Reached skill level 7 in Fighting
  3627 | D:8      | Reached skill level 5 in Invocations
  3716 | D:9      | Reached skill level 5 in Hexes
  3848 | D:9      | Reached ** piety under Ashenzari
  3887 | D:9      | Reached skill level 5 in Axes
  3918 | D:9      | Found a staircase to the Orcish Mines.
  3948 | D:9      | Reached skill level 4 in Polearms
  3985 | D:9      | Reached skill level 5 in Conjurations
  4000 | D:9      | Reached skill level 5 in Crossbows
  4065 | D:9      | Reached skill level 5 in Stealth
  4067 | D:9      | Identified the +8 hand crossbow of the Crushed Friends {velocity, rN+ Str+5}
  4087 | D:9      | Reached skill level 5 in Dodging
  4087 | D:9      | Reached skill level 5 in Earth Magic
  4102 | D:9      | Reached skill level 5 in Charms
  4102 | D:9      | Reached skill level 6 in Fire Magic
  4151 | D:9      | Reached skill level 5 in Slings
  4151 | D:9      | Reached skill level 5 in Bows
  4151 | D:9      | Reached skill level 5 in Necromancy
  4228 | D:9      | Reached skill level 5 in Air Magic
  4261 | D:9      | Reached skill level 5 in Staves
  4280 | D:10     | Entered Level 10 of the Dungeon
  4355 | D:10     | Noticed a gargoyle
  4424 | D:10     | Reached skill level 5 in Ice Magic
  4427 | D:10     | Reached skill level 6 in Spellcasting
  4429 | D:10     | Reached skill level 5 in Long Blades
  4432 | D:10     | Reached skill level 6 in Shields
  4432 | D:10     | Reached skill level 6 in Evocations
  4433 | D:10     | Reached skill level 5 in Armour
  4433 | D:10     | Reached skill level 6 in Invocations
  4434 | D:10     | Reached skill level 6 in Poison Magic
  4441 | D:10     | Reached skill level 5 in Throwing
  4474 | D:10     | Killed a gargoyle
  4474 | D:10     | Reached skill level 6 in Short Blades
  4530 | D:10     | Reached XP level 11. HP: 84/84 MP: 13/20
  4618 | D:10     | Reached skill level 5 in Translocations
  4636 | D:10     | Noticed a two-headed ogre
  4669 | D:10     | Killed a two-headed ogre
  4669 | D:10     | Reached skill level 5 in Polearms
  4669 | D:10     | Reached skill level 4 in Summonings
  4721 | D:10     | Reached skill level 6 in Stealth
  4767 | D:10     | Reached skill level 6 in Hexes
  4785 | D:10     | Reached skill level 6 in Transmutations
  4800 | D:10     | Reached skill level 6 in Earth Magic
  4800 | D:10     | Reached skill level 7 in Invocations
  5094 | D:9      | Noticed a two-headed ogre
  5114 | D:9      | Reached skill level 6 in Ice Magic
  5139 | D:9      | Killed a two-headed ogre
  5139 | D:9      | Reached skill level 6 in Long Blades
  5139 | D:9      | Reached skill level 6 in Dodging
  5139 | D:9      | Reached skill level 7 in Spellcasting
  5139 | D:9      | Reached skill level 7 in Evocations
  5192 | D:10     | Reached skill level 8 in Fighting
  5274 | D:11     | Found a radiant altar of Vehumet.
  5317 | D:11     | Reached skill level 6 in Air Magic
  5340 | D:10     | Reached skill level 6 in Staves
  5346 | D:10     | Noticed a two-headed ogre
  5358 | D:10     | Killed a two-headed ogre
  5358 | D:10     | Reached skill level 6 in Bows
  5358 | D:10     | Reached skill level 6 in Charms
  5358 | D:10     | Reached skill level 6 in Translocations
  5590 | D:11     | Noticed a cyclops
  5606 | D:11     | Reached skill level 6 in Unarmed Combat
  5614 | D:11     | Killed a cyclops
  5614 | D:11     | Reached skill level 6 in Axes
  5649 | D:11     | Found a staircase to the Lair.
  5706 | D:10     | Reached skill level 11 in Maces & Flails
  5740 | D:11     | Noticed Maurice
  5751 | D:11     | Killed Maurice
  5751 | D:11     | Reached skill level 6 in Slings
  5751 | D:11     | Reached skill level 7 in Stealth
  5751 | D:11     | Reached skill level 7 in Transmutations
  5862 | D:12     | Noticed a two-headed ogre
  5887 | D:11     | Reached skill level 6 in Necromancy
  6173 | D:12     | Reached skill level 6 in Crossbows
  6173 | D:12     | Reached skill level 6 in Throwing
  6173 | D:12     | Reached XP level 12. HP: 86/94 MP: 17/22
  6206 | D:12     | Killed a two-headed ogre
  6206 | D:12     | Reached skill level 6 in Polearms
  6206 | D:12     | Reached skill level 6 in Armour
  6206 | D:12     | Reached skill level 7 in Hexes
  6206 | D:12     | Reached skill level 7 in Fire Magic
  6206 | D:12     | Reached skill level 7 in Poison Magic
  6266 | D:12     | Reached skill level 7 in Shields
  6277 | D:12     | Reached skill level 7 in Ice Magic
  6277 | D:12     | Reached skill level 7 in Air Magic
  6284 | D:12     | Reached skill level 7 in Translocations
  6331 | D:12     | Reached skill level 5 in Summonings
  6374 | D:12     | Reached skill level 6 in Conjurations
  6390 | D:12     | Reached skill level 7 in Dodging
  6422 | D:12     | Found a frozen archway.
  6431 | IceCv    | Entered an ice cave
  6514 | IceCv    | Reached *** piety under Ashenzari
  6526 | IceCv    | Reached skill level 9 in Fighting
  6546 | IceCv    | Reached skill level 7 in Charms
  6546 | IceCv    | Reached skill level 8 in Invocations
  6661 | IceCv    | Reached skill level 8 in Fire Magic
  6688 | IceCv    | Reached skill level 8 in Evocations
  6717 | IceCv    | Reached skill level 7 in Long Blades
  6747 | IceCv    | Reached skill level 7 in Staves
  6830 | IceCv    | Reached skill level 7 in Axes
  6879 | IceCv    | Noticed an ice dragon
  6879 | IceCv    | Noticed an ice dragon
  7007 | IceCv    | Killed an ice dragon
  7007 | IceCv    | Reached skill level 7 in Conjurations
  7074 | IceCv    | Killed an ice dragon
  7074 | IceCv    | Reached skill level 7 in Slings
  7291 | D:12     | Reached skill level 7 in Bows
  7348 | D:11     | Reached skill level 8 in Stealth
  7348 | D:11     | Reached skill level 6 in Summonings
  7503 | D:12     | Reached skill level 7 in Earth Magic
  7598 | D:12     | Reached skill level 7 in Short Blades
  7598 | D:12     | Reached skill level 8 in Translocations
  7611 | D:12     | Reached skill level 8 in Hexes
  7611 | D:12     | Reached XP level 13. HP: 86/101 MP: 16/24
  7707 | D:12     | Reached skill level 7 in Armour
  7784 | D:12     | Reached skill level 7 in Polearms
  7784 | D:12     | Reached skill level 7 in Unarmed Combat
  7847 | D:12     | Reached skill level 8 in Staves
  7847 | D:12     | Reached skill level 7 in Throwing
  7901 | D:12     | Reached skill level 8 in Long Blades
  7935 | D:12     | Reached skill level 8 in Spellcasting
  7935 | D:12     | Reached skill level 8 in Charms
  7935 | D:12     | Reached skill level 8 in Poison Magic
  8004 | D:12     | Reached skill level 8 in Dodging
  8004 | D:12     | Reached skill level 8 in Transmutations
  8145 | D:12     | Paralysed by a wizard for 7 turns
  8162 | D:12     | Reached skill level 7 in Crossbows
  8168 | D:12     | Reached skill level 8 in Shields
  8200 | D:12     | Paralysed by an orc sorcerer for 5 turns
  8217 | D:12     | Reached skill level 7 in Necromancy
  8294 | D:13     | Found the cursed +13 scythe of Curses {drain, *Curse}
  8341 | D:13     | Gained mutation: Your magical capacity is low. (-10% MP) [potion of mutation]
  8341 | D:13     | Gained mutation: You tend to lose your temper in combat. [potion of mutation]
  8341 | D:13     | Gained mutation: You have extremely sharp teeth. [potion of mutation]
  8354 | D:13     | Found a shimmering altar of Xom.
  8435 | D:13     | Reached skill level 8 in Axes
  8435 | D:13     | Reached skill level 7 in Summonings
  8466 | D:13     | Noticed Kirke
  8498 | D:13     | Killed Kirke
  8608 | D:13     | Noticed Rupert
  8628 | D:13     | Killed Rupert
  8628 | D:13     | Reached skill level 10 in Fighting
  8628 | D:13     | Reached skill level 12 in Maces & Flails
  8628 | D:13     | Reached skill level 8 in Ice Magic
  8628 | D:13     | Reached skill level 8 in Air Magic
  8628 | D:13     | Reached skill level 9 in Invocations
  8679 | D:13     | Reached **** piety under Ashenzari
  8848 | D:13     | Learned a level 5 spell: Lightning Bolt
  8985 | D:14     | Noticed a vault guard
  9048 | D:14     | Quit the game

Vault maps used:
D:1:      dpeg_arrival_tiny_k, minmay_split_cup_small
D:2:      first_bread
D:4:      nicolae_ossuary_entry_ruins, kennysheep_generic_room_5,
          uniq_blork_the_orc
D:5:      temple_fountains, minmay_misc_feat_enclosed
D:6:      minitemple, minmay_misc_feat_hallway, uniq_pikel
D:9:      david_orc_1_choice, hangedman_fish_farm, kennysheep_generic_room_13
D:11:     lair_entry_dummy, basic_altar, minmay_misc_feat_square, uniq_maurice
D:12:     minmay_tri_stars, portal_ice_cave_entry_pillars_2
D:13:     basic_altar, kennysheep_treasure_room, uniq_kirke, uniq_rupert
D:14:     grunt_vaults_entry_fortified, serial_bayou_shore_b, uniq_snorg
Temple:   regret_index_temple_chain_breaker
Ossuary:  ossuary_tomb_1
IceCv:    ice_cave_small_dragons

Skill      XL: |  1  2  3  4  5  6  7  8  9 10 11 12 13 |
---------------+----------------------------------------+-----
Stealth        | 1 2 3 4 5 7 8 |  8.8
Fire Magic     | 1 2 3 4 5 6 8 |  8.8
Conjurations   | 1 2 3 4 5 7 |  7.7
Air Magic      | 1 2 3 4 5 6 7 8 |  8.1
Spellcasting   | 2 3 4 5 6 7 8 |  8.5
Shields        | 3 4 5 6 7 8 |  8.1
Poison Magic   | 1 2 3 4 5 6 7 8 |  8.4
Short Blades   | 1 2 3 5 6 7 |  7.4
Ice Magic      | 1 2 3 4 5 6 7 8 |  8.0
Bows           | 1 2 3 4 5 6 7 |  7.3
Crossbows      | 1 2 3 4 5 6 7 |  7.3
Invocations    | 1 2 3 4 6 7 8 9 |  9.0
Maces & Flails | 9 10 11 12 | 12.0
Slings         | 1 2 3 4 5 6 7 |  7.7
Throwing       | 1 2 3 4 5 6 7 |  7.6
Charms         | 1 2 3 4 5 6 7 8 |  8.4
Translocations | 1 2 3 4 6 8 |  8.8
Earth Magic    | 1 2 3 4 5 6 7 |  7.8
Fighting       | 5 6 7 8 9 10 | 10.1
Transmutations | 2 3 4 5 7 8 |  8.4
Evocations     | 3 4 5 6 7 8 |  8.8
Long Blades    | 1 2 3 4 5 6 7 8 |  8.2
Polearms       | 1 3 4 5 6 7 |  7.3
Staves         | 1 2 3 4 5 6 7 8 |  8.1
Hexes          | 1 2 3 4 5 6 8 |  8.4
Axes           | 2 4 5 6 7 8 |  8.2
Necromancy     | 1 2 3 5 6 7 |  7.2
Armour         | 2 3 4 5 6 7 |  7.5
Dodging        | 3 4 5 6 7 8 |  8.3
Unarmed Combat | 3 4 5 6 7 |  7.6
Summonings     | 1 2 3 4 6 7 |  7.3

Action                   |  1- 3 |  4- 6 |  7- 9 | 10-12 | 13-15 || total
-------------------------+-------+-------+-------+-------+-------++-------
Melee: Mace              |    11 |       |       |       |       ||    11
       Short sword       |    32 |       |       |       |       ||    32
       Bite              |     8 |    22 |    52 |   206 |    46 ||   334
       Whip              |    52 |   153 |   428 |  1583 |   365 ||  2581
       Morningstar       |       |   103 |       |       |       ||   103
       Punch             |       |     4 |     4 |    50 |    10 ||    68
 Cast: Lightning Bolt    |       |       |       |       |     5 ||     5
Invok: Curse Item        |       |       |     3 |     2 |       ||     5
Evoke: Wand              |       |     3 |    16 |    72 |    20 ||   111
       Lamp of fire      |       |       |       |     1 |     1 ||     2
  Use: Scroll            |     2 |     4 |     2 |    13 |     4 ||    25
       Potion            |       |     1 |     1 |     5 |     1 ||     8
 Stab: Sleeping          |       |       |     2 |     5 |       ||     7
       Distracted        |       |       |     1 |     1 |     1 ||     3
       Paralysed         |       |       |       |    98 |       ||    98
       Confused          |       |       |       |    56 |    10 ||    66
  Eat: Bread ration      |     1 |       |       |       |       ||     1
       Royal jelly       |       |     1 |       |       |       ||     1
       Meat ration       |       |     1 |       |       |       ||     1
       Chunk             |       |       |     7 |    11 |     5 ||    23
       Fruit             |       |       |       |     4 |     2 ||     6
Armor: Ring mail         |    17 |    43 |    74 |    23 |       ||   157
       Troll leather arm |       |       |       |   227 |    64 ||   291
Dodge: Dodged            |    35 |    84 |   167 |   540 |   131 ||   957
       Deflected         |       |       |       |    19 |    10 ||    29

Table legend:
 A = Spawn XP
 B = Non-spawn XP
 C = Spawn XP percentage of total XP
 D = Spawn monster count
 E = Non-spawn monster count
 F = Spawn count percentage of total count
 G = Total turns spent on level
                    A         B        C        D         E        F      G
               +---------+---------+-------+---------+---------+-------+---------
         Total |       0 |   45311 |   0.0 |       0 |     365 |   0.0 |  9048
               +---------+---------+-------+---------+---------+-------+---------
           D:1 |       0 |      17 |   0.0 |       0 |      11 |   0.0 |   202
           D:2 |       0 |     130 |   0.0 |       0 |      25 |   0.0 |   539
           D:3 |       0 |      27 |   0.0 |       0 |      13 |   0.0 |   257
           D:4 |       0 |     348 |   0.0 |       0 |       8 |   0.0 |   485
           D:5 |       0 |     879 |   0.0 |       0 |      25 |   0.0 |   545
           D:6 |       0 |    1320 |   0.0 |       0 |      10 |   0.0 |   430
           D:7 |       0 |    1417 |   0.0 |       0 |       9 |   0.0 |   301
           D:8 |       0 |     920 |   0.0 |       0 |      15 |   0.0 |   493
           D:9 |       0 |    3602 |   0.0 |       0 |      45 |   0.0 |   906
          D:10 |       0 |    5669 |   0.0 |       0 |      46 |   0.0 |   819
          D:11 |       0 |    4079 |   0.0 |       0 |      34 |   0.0 |   801
          D:12 |       0 |   13640 |   0.0 |       0 |      46 |   0.0 |  1319
          D:13 |       0 |    5926 |   0.0 |       0 |       9 |   0.0 |   459
          D:14 |       0 |    1656 |   0.0 |       0 |       8 |   0.0 |   297
        Temple |       0 |      15 |   0.0 |       0 |       2 |   0.0 |   134
       Ossuary |       0 |     226 |   0.0 |       0 |      39 |   0.0 |   300
         IceCv |       0 |    5440 |   0.0 |       0 |      20 |   0.0 |   761
               +---------+---------+-------+---------+---------+-------+---------

Table legend:
 A = Turns spent in this place as a percentage of turns spent in the entire game.
 B = Non-inter-level travel turns spent in this place as a percentage of non-inter-level travel turns spent in the entire game.
 C = Inter-level travel turns spent in this place as a percentage of turns spent in this place.
 D = Turns resting spent in this place as a percentage of non-inter-level travel turns spent in this place.
 E = Turns spent auto-exploring this place as a percentage of non-inter-level travel turns spent in this place.
 F = Non-inter-level travel turns spent in this place divided by the number of levels of this place that you've seen.
                   A       B       C       D       E      F
               +-------+-------+-------+-------+-------+----------------------
         Total | 100.0 | 100.0 |   3.0 |   0.6 |   0.4 | 516.5
       Dungeon |  86.8 |  86.9 |   2.8 |   0.7 |   0.0 | 545.1
        Temple |   1.5 |   1.0 |  34.3 |   0.0 |   0.0 |  88.0
       Ossuary |   3.3 |   3.4 |   0.0 |   0.0 |   0.0 | 300.0
      Ice Cave |   8.4 |   8.7 |   0.0 |   0.0 |   4.9 | 761.0
               +-------+-------+-------+-------+-------+----------------------

Table legend:
 A = Kills in this place as a percentage of kills in entire the game.
 B = Kills by you in this place as a percentage of kills by you in the entire game.
 C = Kills by friends in this place as a percentage of kills by friends in the entire game.
 D = Other kills in this place as a percentage of other kills in the entire game.
 E = Experience gained in this place as a percentage of experience gained in the entire game.
 F = Experience gained in this place divided by the number of levels of this place that you have seen.
                   A       B       C       D       E      F
               +-------+-------+-------+-------+-------+----------------------
         Total | 100.0 | 100.0 | 100.0 | 100.0 | 100.0 | 2665.4
       Dungeon |  83.3 |  83.1 | 100.0 | 100.0 |  87.5 | 2830.7
        Temple |   0.5 |   0.6 |   0.0 |   0.0 |   0.0 |  15.0
       Ossuary |  10.7 |  10.8 |   0.0 |   0.0 |   0.5 | 226.0
      Ice Cave |   5.5 |   5.6 |   0.0 |   0.0 |  12.0 | 5440.0
               +-------+-------+-------+-------+-------+----------------------

Vault maps used:
D:1:      dpeg_arrival_tiny_k, minmay_split_cup_small
D:2:      first_bread
D:4:      nicolae_ossuary_entry_ruins, kennysheep_generic_room_5,
          uniq_blork_the_orc
D:5:      temple_fountains, minmay_misc_feat_enclosed
D:6:      minitemple, minmay_misc_feat_hallway, uniq_pikel
D:9:      david_orc_1_choice, hangedman_fish_farm, kennysheep_generic_room_13
D:11:     lair_entry_dummy, basic_altar, minmay_misc_feat_square, uniq_maurice
D:12:     minmay_tri_stars, portal_ice_cave_entry_pillars_2
D:13:     basic_altar, kennysheep_treasure_room, uniq_kirke, uniq_rupert
D:14:     grunt_vaults_entry_fortified, serial_bayou_shore_b, uniq_snorg
Temple:   regret_index_temple_chain_breaker
Ossuary:  ossuary_tomb_1
IceCv:    ice_cave_small_dragons
